 Dungeon Crawl Stone Soup version 0.25-a0-429-g4e43983 (webtiles) character file.

Game seed: 16242661715251421043, levelgen mode: deterministic

225 relicbr the Conjurer (level 5, 0/42 HPs)
             Began as a Deep Elf Conjurer on Jan 25, 2020.
             Succumbed to Sigmund's poison
             ... on level 2 of the Dungeon.
             The game lasted 00:05:11 (1503 turns).

relicbr the Conjurer (Deep Elf Conjurer)            Turns: 1503, Time: 00:05:12

Health: 0/42       AC: 22    Str:  5    XL:     5   Next: 68%
Magic:  11/11      EV:  2    Int: 21    God:
Gold:   75         SH:  0    Dex: 18    Spells: 7/10 levels left

rFire    . . .     SeeInvis .   l - +1 dagger
rCold    . . .     Gourm    .   (no shield)
rNeg     + + +     Faith    .   (armour currently unavailable)
rPois    +         Spirit   .   (helmet currently unavailable)
rElec    .         Reflect  .   (cloak currently unavailable)
rCorr    .         Harm     .   (gloves currently unavailable)
MR       .....     NoTele   +   (boots currently unavailable)
Stlth    ++........             (no amulet)
HPRegen  0.14/turn              j - +3 ring of dexterity
MPRegen  0.12/turn              (no ring)

@: lethally poisoned (0 -> -3), tree-form
A: no striking features
a: no special abilities


You were on level 2 of the Dungeon.
You were hungry.
You were a tree.
You visited 1 branch of the dungeon, and saw 2 of its levels.

You collected 75 gold pieces.

Inventory:

Hand Weapons
 l - a +1 dagger (weapon)
Armour
 a - a +0 robe (melded)
 b - a +0 cloak (melded)
 h - a +0 pair of boots (melded)
 m - a +0 helmet (melded)
Jewellery
 j - a +3 ring of dexterity (left branch)
Scrolls
 d - a scroll of remove curse
 f - a scroll of enchant weapon
 g - 2 scrolls of identify
 n - a scroll of noise
Comestibles
 c - 4 rations


   Skills:
 - Level 2.4 Dodging
 - Level 2.4 Stealth
 - Level 3.0 Spellcasting
 * Level 7.7 Conjurations


You had 7 spell levels left.
You knew the following spells:

 Your Spells              Type           Power        Failure   Level  Hunger
a - Magic Dart            Conj           ####         1%          1    None
b - Searing Ray           Conj           #####.       1%          2    ##.....

Your spell library contained the following spells:

 Spells                   Type           Power        Failure   Level  Hunger
 Dazzling Flash           Conj/Hex       ###...       9%          3    ###....
 Fulminant Prism          Conj/Hex       ###.......   26%         4    ####...
 Iskenderun's Mystic Bla  Conj/Tloc      ###.....     26%         4    ####...


Dungeon Overview and Level Annotations

Branches:
Dungeon (2/15)

Altars:
Okawaru


Message History

* * * LOW HITPOINT WARNING * * *
You feel sick.
As you read the scroll labeled MAEFEABAOF, it crumbles to dust.
It is a scroll of identify.
n - a scroll of noise Really read the scroll of noise? [Y]es or [N]o only, please.
Really read the scroll of noise? [Y]es or [N]o only, please.
Really read the scroll of noise? [Y]es or [N]o only, please.
Really read the scroll of noise?
Okay, then.
* * * LOW HITPOINT WARNING * * *
You feel sick.
* * * LOW HITPOINT WARNING * * *
You feel sick.
* * * LOW HITPOINT WARNING * * *
You feel sick.
You die...

#..# #..#
#..# #..#
#..# #..#
#..#
####..#
#...♣.#
#.##)##
#.##.#
#.##.#
#.##.#
#.##.#
#.##.#
#.........
#....[...!


There were no monsters in sight!

Vanquished Creatures
  Sigmund (D:2)
  Robin (D:1)
  A gnoll (D:1)
  An ooze (D:2)
  2 worms (D:2)
  A giant cockroach (D:2)
  13 goblins
  5 hobgoblins
  2 jackals (D:2)
  2 kobolds
  3 bats
  2 frilled lizards (D:1)
  3 rats
37 creatures vanquished.

Notes
Turn   | Place    | Note
-------+----------+-------------------------------------------
     0 | D:1      | relicbr the Deep Elf Conjurer began the quest for the Orb.
     0 | D:1      | Reached XP level 1. HP: 10/10 MP: 6/6
   355 | D:1      | Reached XP level 2. HP: 15/15 MP: 5/8
   393 | D:1      | Learned a level 2 spell: Searing Ray
   413 | D:1      | Reached skill level 5 in Conjurations
   725 | D:2      | Noticed Robin
   736 | D:2      | Reached XP level 3. HP: 19/19 MP: 1/9
   854 | D:1      | Killed Robin
  1207 | D:2      | Reached skill level 6 in Conjurations
  1341 | D:2      | Found an iron altar of Okawaru.
  1413 | D:2      | Reached XP level 4. HP: 24/24 MP: 5/10
  1465 | D:2      | Noticed Sigmund
  1489 | D:2      | Killed Sigmund
  1489 | D:2      | Reached skill level 7 in Conjurations
  1489 | D:2      | Reached XP level 5. HP: 7/28 MP: 2/11
  1498 | D:2      | HP: 2/42 [poisoned by Sigmund]
  1503 | D:2      | Succumbed to Sigmund's poison

Levels and vault maps discovered:
D:1:      dpeg_arrival_refuge, layout_basic, chequers_serial_rivers_small_a
D:2:      cheibrodos_old_hovel, layout_loops_ring, hangedman_decor_push,
          okawaru_gym_becter, uniq_sigmund, uniq_robin

Skill      XL: |  1  2  3  4 |
---------------+-------------+-----
Conjurations   | 5 6 7 |  7.7
Dodging        | |  2.4
Stealth        | |  2.4
Spellcasting   | |  3.0

Action                   |  1- 3 |  4- 6 || total
-------------------------+-------+-------++-------
Melee: Dagger            |     5 |       ||     5
 Cast: Magic Dart        |    58 |     1 ||    59
       Searing Ray       |     5 |     2 ||     7
  Use: Potion            |       |     3 ||     3
       Scroll            |       |     3 ||     3
  Eat: Chunk             |     1 |       ||     1
Armor: Robe              |     4 |       ||     4
Dodge: Dodged            |    13 |     1 ||    14

Table legend:
 A = Non-vault XP
 B = Vault XP
 C = Vault XP percentage of total XP
 D = Non-vault monster count
 E = Vault monster count
 F = Vault count percentage of total count
                 A         B        C        D         E       F
            +---------+---------+-------+---------+---------+-------
      Total |      61 |     261 |  81.1 |      23 |      14 |  37.8
            +---------+---------+-------+---------+---------+-------
        D:1 |      29 |      18 |  38.3 |      11 |       2 |  15.4
        D:2 |      32 |     243 |  88.4 |      12 |      12 |  50.0
            +---------+---------+-------+---------+---------+-------
